 Dungeon Crawl Stone Soup version 0.25.1-2-g60ff931df9 (webtiles) character file.

Game seed: 16169742512571907940

133 khekkus the Distorting Demonspawn (level 4, -5/35 HPs)
             Began as a Demonspawn Abyssal Knight on Sept 11, 2020.
             Was a Believer of Lugonu.
             Killed from afar by an orc wizard (9 damage)
             ... with a magic dart
             ... on level 3 of the Dungeon.
             The game lasted 00:16:35 (4134 turns).

khekkus the Distorting Demonspawn (DsAK)            Turns: 4134, Time: 00:16:35

Health: -5/35      AC:  8    Str: 13    XL:     4   Next: 94%
Magic:  6/6        EV: 10    Int: 14    God:    Lugonu [**....]
Gold:   183        SH:  0    Dex: 12    Spells: 3/3 levels left

rFire    . . .     SeeInvis .   a - +1 spear
rCold    . . .     Gourm    .   (no shield)
rNeg     . . .     Faith    .   m - +1 ring mail
rPois    .         Spirit   .   f - +1 helmet
rElec    .         Reflect  .   (no cloak)
rCorr    .         Harm     .   (no gloves)
MR       .....                  (no boots)
Stlth    +.........             (no amulet)
HPRegen  0.11/turn              (no ring)
MPRegen  0.10/turn              (no ring)

@: no status effects
A: claws 2
a: Depart the Abyss, Bend Space, Renounce Religion


You were on level 3 of the Dungeon.
You worshipped Lugonu.
Lugonu was pleased with you.
You were not hungry.

You visited 1 branch of the dungeon, and saw 4 of its levels.
You visited the Abyss 1 time.

You collected 183 gold pieces.

Inventory:

Hand Weapons
 a - a +1 spear (weapon)
 i - a +0 spear
Missiles
 e - 49 arrows
 p - 50 stones (quivered)
Armour
 f - a +1 helmet (worn)
 m - a +1 ring mail (worn)
Scrolls
 d - a scroll of identify
 h - a scroll of teleportation {unknown}
 j - a scroll of amnesia
 k - a scroll of enchant armour
 s - a scroll of remove curse {unknown}
Potions
 o - a potion of brilliance {unknown}
 q - a potion of stabbing
Comestibles
 c - 3 rations


   Skills:
 - Level 3.2 Fighting
 - Level 3.3 Polearms
 + Level 2.9 Armour
 - Level 0.8 Dodging
 + Level 3.7 Invocations


You had 3 spell levels left.
You didn't know any spells.
Your spell library contained the following spells:

 Spells                   Type           Power        Failure   Level  Hunger
 Animate Skeleton         Necr           N/A          52%         1    ##.....
 Apportation              Tloc           #.....       52%         1    ##.....
 Corona                   Hex            #......      52%         1    ##.....
 Summon Small Mammal      Summ           #...         52%         1    ##.....


Dungeon Overview and Level Annotations

Branches:
Dungeon (4/15)
 Temple: D:4-7

Altars:
Ashenzari
Gozag
Okawaru
Ru


Innate Abilities, Weirdness & Mutations

You have very sharp fingernails.


Message History

You miss something. Something hits you.
You barely miss something.
You hear some strange, mumbled words.
You are more confused.
You bump into the rock wall.
Something hits you. Something hits you but does no damage. Something hits you.
You hear some strange, mumbled words.
Something tries to affect you, but you resist.
Something hits you.
* * * LOW HITPOINT WARNING * * *
You feel less confused.
You hear some strange, mumbled words.
A puff of flame appears from out of thin air!
The puff of flame hits you.
* * * LOW HITPOINT WARNING * * *
There is an open door here.
A magic dart appears from out of thin air!
The magic dart hits you!
You die...

...............#
##.............#
#.............#
#.............#
#.............#
##.............#
...............#
.....###.......#########
.....'.+.....{.'@....[>#
.....###.......#######.#
.....# #.......# #.#
.....# #.......# #.#
.....########### #.#
..........# #.#
..........# #.#
..........# #.#
#'#.......# #.#


There were no monsters in sight!

Vanquished Creatures
  An orc priest (D:3)
  An adder (D:3)
  An ooze (D:1)
  2 worms
  2 dart slugs
  4 leopard geckos
  An orc (D:3)
  2 ball pythons
  9 bats
  6 giant cockroaches
  7 goblins
  8 hobgoblins
  3 jackals (D:2)
  2 quokkas
  6 frilled lizards
  9 kobolds
  7 rats
71 creatures vanquished.

Notes
Turn   | Place    | Note
-------+----------+-------------------------------------------
     0 | Abyss:1  | khekkus the Demonspawn Abyssal Knight began the quest for
                  | the Orb.
     0 | Abyss:1  | Reached XP level 1. HP: 18/18 MP: 2/2
    14 | D:1      | Escaped the Abyss
   208 | D:1      | Gained mutation: You have sharp fingernails. [demonic
                  | ancestry]
   208 | D:1      | Reached XP level 2. HP: 15/24 MP: 3/3
   844 | D:1      | Found an iron altar of Okawaru.
   857 | D:1      | Gained mutation: You have very sharp fingernails. [demonic
                  | ancestry]
   857 | D:1      | Reached XP level 3. HP: 24/29 MP: 4/4
  1030 | D:1      | Reached ** piety under Lugonu
  2425 | D:2      | Reached XP level 4. HP: 35/35 MP: 6/6
  2494 | D:2      | Found a sacrificial altar of Ru.
  2702 | D:2      | Found a shattered altar of Ashenzari.
  2702 | D:2      | Found an opulent altar of Gozag.
  3111 | D:3      | Found an opulent altar of Gozag.
  3607 | D:3      | Reached *** piety under Lugonu
  3753 | D:3      | HP: 1/35 [something/magic dart (2)]
  4134 | D:3      | Killed from afar by an orc wizard

Illustrated notes

Levels and vault maps discovered:
D:1:      zelgadis_glass_arrival_small, layout_basic, okawaru_ov_weapons_minmay
D:2:      layout_loops_cross, gammafunk_temple_overflow_pools,
          nicolae_ru_sacrificial_ziggurat
D:3:      layout_basic, first_ration, grunt_gozag_statues
D:4:      layout_rooms, kennysheep_little_box, kennysheep_another_room,
          minmay_mini_jars

Skill      XL: |  1  2  3  4 |
---------------+-------------+-----
Polearms       | 2 3 |  3.3
Armour         | 2 |  2.9
Invocations    | 3 |  3.7
Fighting       | |  3.2
Dodging        | |  0.8

Action                   |  1- 3 |  4- 6 || total
-------------------------+-------+-------++-------
Melee: Spear             |   184 |   123 ||   307
Invok: Bend Space        |     1 |     1 ||     2
  Use: Scroll            |       |     6 ||     6
       Potion            |       |     3 ||     3
  Eat: Chunk             |     5 |     4 ||     9
       Ration            |       |     1 ||     1
Armor: Leather armour    |    56 |       ||    56
       Ring mail         |       |    38 ||    38
Dodge: Dodged            |   102 |    39 ||   141
